 Dungeon Crawl Stone Soup version 0.29-a0-919-gd064cfad1c (webtiles) character file.

Game seed: 6385810046281862561

68 IdlyInterested the Chopper (level 4, 0/35 HPs)
             Began as a Demonspawn Wanderer on July 26, 2022.
             Slain by a gnoll
             ... wielding a +0 vorpal flail
              (1 damage)
             ... on level 2 of the Dungeon.
             The game lasted 00:05:04 (1735 turns).

IdlyInterested the Chopper (Demonspawn Wanderer)    Turns: 1735, Time: 00:05:06

Health: 0/35       AC: 12    Str: 17    XL:     4   Next: 1%
Magic:  5/5        EV:  9    Int: 15    God:
Gold:   71         SH:  0    Dex:  8    Spells: 4/5 levels left

rFire   . . .      SeeInvis .   a - +3 hand axe
rCold   . . .      Faith    .   (no shield)
rNeg    + . .      Spirit   .   j - +0 pearl dragon scales
rPois   .          Reflect  .   (no helmet)
rElec   .          Harm     .   (no cloak)
rCorr   .          Rampage  .   (no gloves)
Will    +....                   (no boots)
Stlth   ..........              (no amulet)
HPRegen 0.11/turn               h - ring of willpower
MPRegen 0.09/turn               (no ring)

@: no status effects
A: thin metallic scales 1
a: no special abilities


You were on level 2 of the Dungeon.
You visited 1 branch of the dungeon, and saw 2 of its levels.

You collected 71 gold pieces.

Inventory:

Hand Weapons
 a - a +3 hand axe (weapon)
 f - a +2 vampiric dagger
Armour
 j - +0 pearl dragon scales (worn)
Jewellery
 h - a ring of willpower (left hand)
Scrolls
 e - a scroll of blinking {unknown}
 g - a scroll of immolation {unknown}
 k - a scroll of enchant armour {unknown}
 l - a scroll of teleportation {unknown}
 m - a scroll of poison {unknown}
 n - a scroll of butterflies {unknown}
Potions
 c - a potion of lignification {unknown}
 d - 2 potions of mutation {unknown}
 i - 3 potions of brilliance {unknown}
 o - a potion of invisibility {unknown}
 p - a potion of attraction {unknown}


   Skills:
 + Level 3.4 Fighting
 * Level 3.5 Axes
 - Level 1.0 Throwing
 - Level 1.0 Armour
 - Level 1.0 Dodging
 - Level 1.0 Stealth
 - Level 1.0 Spellcasting
 - Level 1.1 Necromancy
 - Level 1.0 Evocations


You had 4 spell levels left.
You knew the following spells:

 Your Spells              Type           Power      Damage    Failure   Level
a - Necrotise             Necr           16%        1d4       56%         1

Your spell library contained the following spells:

 Spells                   Type           Power      Damage    Failure   Level
 Vampiric Draining        Necr           4%         2d6       91%         3


Dungeon Overview and Level Annotations

Branches:
Dungeon (2/15)

Altars:

Shops:
D:2 ?([[*


Innate Abilities, Weirdness & Mutations

You are partially covered in thin metallic scales. (AC +2)


Message History

The gnoll shouts!
You slash the gnoll!
You kill the gnoll!
The gnoll hits you from afar with a +0 halberd.
The gnoll hits you but does no damage. The gnoll barely misses you.
The gnoll hits you but does no damage.
You closely miss the gnoll. You hit the gnoll.
The gnoll hits you but does no damage.
You hit the gnoll.
The gnoll is moderately wounded.
You hit the gnoll. The gnoll hits you with a +0 whip.
The gnoll barely misses you.
You barely miss the gnoll.
The gnoll is moderately wounded.
You hit the gnoll. The gnoll hits you but does no damage.
You slash the gnoll!
The gnoll is almost dead.
You closely miss the gnoll. You hit the gnoll.
The gnoll hits you but does no damage. The gnoll closely misses you.
The gnoll hits you with a +0 halberd.
* * * LOW HITPOINT WARNING * * *
You feel better. The gnoll closely misses you.
The gnoll hits you with a +0 vorpal flail.
The gnoll hits you with a +0 halberd.
* * * LOW HITPOINT WARNING * * *
You hit the gnoll.
You kill the gnoll!
You hit the gnoll.
You kill the gnoll!
You hit the gnoll. The gnoll closely misses you.
Training target 1.0 for Evocations reached!
Your Evocations skill increases to level 1!
You have reached level 4!
You feel clever.
Okay, then.
You hit the gnoll but do no damage.
The gnoll is severely wounded.
The gnoll hits you with a +0 vorpal flail!
* * * LOW HITPOINT WARNING * * *
You die...

..##..........#####
..##.........$.....########
..##.............(... ..#..
.........#..........###.#.#
...............####...#.#.#
.......#.####.......#†#.#.# .#
....#...............+...#.###.#
.####....###........#.......#.#
.........# #...)@)..#..##.#.#.#
.........###....#g..#.......#.#
.....###+#).........#.......#.#
#..##......#..####..#####...#.#
....'........> .............#
....#.......#######.........#.###
....#............................
.....##..##...................##.
.........##.....###..######.#.##.


You could see a gnoll.

Vanquished Creatures
  3 gnolls (D:2)
  An adder (D:2)
  A dart slug (D:2)
  4 bats
  4 endoplasms
  A giant cockroach (D:2)
  A goblin (D:2)
  2 jackals (D:2)
  A quokka (D:2)
  2 ball pythons
  5 kobolds
  5 rats
30 creatures vanquished.

Notes
Turn   | Place    | Note
-------+----------+-------------------------------------------
     0 | D:1      | IdlyInterested the Demonspawn Wanderer began the quest for
                  | the Orb.
     0 | D:1      | IdlyInterested set off with the following items: a +3 hand
                  | axe, a potion of curing, a +0 leather armour; and the
                  | following spell memorised: Necrotise; and the following
                  | spells available to memorise: Vampiric Draining.
     0 | D:1      | Reached XP level 1. HP: 18/18 MP: 2/2
   365 | D:1      | Found a faded altar of an unknown god.
   428 | D:1      | Gained mutation: You are partially covered in thin metallic
                  | scales. (AC +2) [demonic ancestry]
   428 | D:1      | Reached XP level 2. HP: 21/24 MP: 3/3
  1104 | D:2      | Found Opuofuwn's Weapon Boutique.
  1115 | D:2      | Reached skill level 1 in Dodging
  1339 | D:2      | Found Futucser's Magic Scroll Shop.
  1387 | D:2      | Reached XP level 3. HP: 28/29 MP: 4/4
  1494 | D:2      | Found Xamutt's Antique Armour Emporium.
  1564 | D:2      | Found Qeuzahu's Assorted Antiques.
  1618 | D:2      | Found Hemnien's Antique Armour Boutique.
  1655 | D:2      | Reached skill level 1 in Throwing
  1735 | D:2      | Reached skill level 1 in Evocations
  1735 | D:2      | Reached XP level 4. HP: 10/35 MP: 5/5
  1735 | D:2      | HP: 1/35 [gnoll/+0 vorpal flail (9)]
  1735 | D:2      | Slain by a gnoll

Illustrated notes

Levels and vault maps discovered:
D:1:      tarquinn_simple_flora_water_b, layout_basic,
          ebering_ecumenical_altar_webs, chequers_serial_rivers_micro_b,
          corexii_leaking_fountain, minmay_misc_feat_rugged,
          chequers_serial_rivers_micro_a
D:2:      layout_basic, serial_shops, nicolae_shop_bloodbath_and_beyond, shop,
          nicolae_shop_statue_plus, nicolae_shop_hallway_plus, shop

Skill      XL: |  1  2  3 |
---------------+----------+-----
Axes           | 3 |  3.5
Dodging        | 1 |  1.0
Throwing       | 1 |  1.0
Evocations     | 1 |  1.0
Fighting       | |  3.4
Armour         | |  1.0
Stealth        | |  1.0
Spellcasting   | |  1.0
Necromancy     | |  1.1

Action                   |  1- 3 |  4- 6 || total
-------------------------+-------+-------++-------
Melee: Hand axe          |    67 |     1 ||    68
 Cast: Necrotise         |     1 |       ||     1
  Use: Potion            |     1 |       ||     1
Armor: Leather armour    |     6 |       ||     6
       Pearl dragon scal |    38 |       ||    38
Dodge: Dodged            |    35 |       ||    35

Table legend: (Time is in decaauts)
 A = Elapsed time spent in this place.
 B = Non-inter-level travel time spent in this place.
 C = Inter-level travel time spent in this place.
 D = Time resting spent in this place.
 E = Time spent auto-exploring this place.
 F = Levels seen in this place.
 G = Mean time per level.
                   A        B        C        D        E       F      G
               +--------+--------+--------+--------+--------+-----+--------+
         Total |   1747 |   1628 |    119 |    273 |   1026 |   2 |  873.5 |
       Dungeon |   1747 |   1628 |    119 |    273 |   1026 |   2 |  873.5 |
               +--------+--------+--------+--------+--------+-----+--------+

Top non-repeatable levels by time:
     D:1: 1125 daAuts
     D:2: 621 daAuts
